Map: Cerulean Fall LE

Players

Grimreaper - Winner!

  • Race: Protoss Protoss
  • Spawn Location: 7:00

VOD

Have the link to the VOD?

Description

Time

  • Played on: Jan. 19, 2019, 4:58 p.m.
  • Length: 6:16
Show
View Real Time Build Order
Export as new Build Order

Grimreaper Protoss - Winner!

Build Orders:  

Get SALT Encoding   

  1  0:00  Probe (Chrono Boost)  
  13  0:13  Probe (Chrono Boost)  
  14  0:28  Probe (Chrono Boost)  
  15  1:08  Pylon  
  15  1:37  Forge  
  15  1:39  Pylon  
  15  1:58  Gateway  
  15  2:25  Photon Cannon  
  15  2:29  Photon Cannon  
  15  2:34  Photon Cannon  
  15  2:40  Photon Cannon  
  15  2:48  Photon Cannon  
  15  2:57  Photon Cannon  
  15  3:23  Pylon  
  15  3:45  Photon Cannon  
  15  3:50  Pylon  
  15  4:09  Photon Cannon  
  15  4:10  Photon Cannon  
  15  4:19  Probe (Chrono Boost)  
  16  4:28  Photon Cannon  
  16  4:36  Probe (Chrono Boost)  
  17  4:41  Photon Cannon  
  17  4:59  Photon Cannon  
  17  5:04  Photon Cannon  
  17  5:27  Pylon  
  17  5:58  Photon Cannon  
  17  6:00  Photon Cannon  
  17  6:03  Photon Cannon  
  17  6:06  Photon Cannon  
Tags
 
Add a new tag
Caveats
  • Supply blocks, unpowered buildings, or Contaminate may cause inaccurate times.
  • Supply counts are checked every 10 seconds.